 Dungeon Crawl Stone Soup version 0.32-a0-42-ga30500b4d3 (webtiles) character file.

Game seed: 15170995525114175407

128 pokeman the Magician (level 4, 0/25 HPs)
             Began as a Deep Elf Hedge Wizard on Jan 28, 2024.
             Succumbed to a scorpion's poison
             ... on level 4 of the Dungeon.
             The game lasted 00:03:09 (2032 turns).

pokeman the Magician (Deep Elf Hedge Wizard)        Turns: 2032, Time: 00:03:09

Health: 0/25       AC:  2    Str:  7    XL:     4   Next: 87%
Magic:  1/13       EV: 13    Int: 21    God:
Gold:   55         SH:  0    Dex: 14    Spells: 6/14 levels left

rFire   . . .        a - +0 dagger
rCold   . . .        (no shield)
rNeg    . . .        b - +0 robe
rPois   .            c - +0 hat
rElec   .            (no cloak)
rCorr   .            (no gloves)
SInv    .            (no boots)
Will    .....        (no amulet)
Stlth   ++           (no ring)
HPRegen 0.24/turn    (no ring)
MPRegen 0.13/turn

%: no passive effects
@: lethally poisoned (0 -> -14), very slightly contaminated
A: no striking features
a: no special abilities


You were on level 4 of the Dungeon.
You visited 1 branch of the dungeon, and saw 3 of its levels.

You collected 55 gold pieces.

Inventory:

Hand Weapons
 a - a +0 dagger (weapon)
Armour
 b - a +0 robe (worn)
 c - a +0 hat (worn)
Scrolls
 g - a scroll of enchant weapon {unknown}
 i - 2 scrolls of identify {unknown}
 j - 4 scrolls of teleportation {unknown}
 k - a scroll of amnesia {unknown}
Potions
 d - a potion of magic
 e - a potion of degeneration {unknown}
 f - 2 potions of curing {unknown}
 h - 2 potions of mutation {unknown}


   Skills:
 - Level 1.0 Fighting
 - Level 1.0 Armour
 - Level 3.0 Dodging
 - Level 3.0 Stealth
 * Level 5.9 Spellcasting
 + Level 2.4 Conjurations
 - Level 1.1 Summonings
 - Level 1.1 Translocations
 + Level 0.0 Air Magic
 + Level 0.0 Alchemy


You had 6 spell levels left.
You knew the following spells:

 Your Spells              Type           Power      Damage    Failure   Level
a - Magic Dart            Conj           64%        1d6       3%          1
b - Mephitic Cloud        Conj/Alch/Air  9%         N/A       22%         3
c - Call Imp              Summ           20%        N/A       10%         2
d - Blink                 Tloc           20%        N/A       10%         2

Your spell library contained the following spells:

 Spells                   Type           Power      Damage    Failure   Level
 Apportation              Tloc           20%        N/A       6%          1
 Slow                     Hex            24%        N/A       10%         1
 Cigotuvi's Dreadful Rot  Necr/Alch/Air  12%        N/A       16%         2
 Jinxbite                 Hex            12%        N/A       16%         2
 Alistair's Intoxication  Alch           4%         N/A       95%         5


Dungeon Overview and Level Annotations

Branches:
Dungeon (2/15)

Altars:


Message History

Your cerulean imp hits the scorpion with a -3 spear.
The scorpion is engulfed in noxious fumes.
The scorpion appears confused.
The scorpion closely misses your cerulean imp.
Your cerulean imp hits the scorpion with a -3 spear.
The scorpion stings your cerulean imp!
Your cerulean imp hits the scorpion with a -3 spear.
The scorpion dies!
Your Dodging skill increases to level 3!
Your Stealth skill increases to level 3!
Unknown command.
Your cerulean imp hits the scorpion with a -3 spear.
The scorpion stings your cerulean imp!
Your cerulean imp dies!
Your cerulean imp disappears in a puff of smoke!
Casting: Call Imp (safe; 10% risk of failure)
Confirm with . or Enter, or press ? or * to list all spells.
Aiming: Mephitic Cloud (extremely dangerous; 22% risk of failure)
Press: ? - help, Shift-Dir - straight line You miscast Mephitic Cloud.
You are very lightly contaminated with residual magic.
Nothing appears to happen.
Casting: Mephitic Cloud (extremely dangerous; 22% risk of failure)
Confirm with . or Enter, or press ? or * to list all spells.
Aiming: Mephitic Cloud (extremely dangerous; 22% risk of failure)
Press: ? - help, Shift-Dir - straight line You miscast Mephitic Cloud.
Nothing appears to happen.
A killer bee comes into view.
Unknown command.
You aren't carrying any items that you can evoke.
Unknown command.
The scorpion attacks as it pursues you! The scorpion stings you.
* * * LOW HITPOINT WARNING * * *
Unknown command.
The scorpion attacks as it pursues you! The scorpion stings you.
* * * LOW HITPOINT WARNING * * *
You are lethally poisoned!
The scorpion poisons you!
Unknown command.
You die...

.......>###
..........#
.#.###.#.#
#s#.# #.#.#
#.#.# #†#s#
#.#.# #.#@#
#.#.# #.#.#
#.#)#
###.#.#
+.....#
###.###
###...#
#...###


You could see a scorpion.

Vanquished Creatures
  3 adders (D:2)
  A dart slug (D:1)
  3 bats (D:1)
  4 endoplasms
  4 giant cockroaches
  4 goblins
  7 hobgoblins
  2 ball pythons
  A frilled lizard (D:1)
  2 kobolds (D:2)
  3 rats
34 creatures vanquished.

Vanquished Creatures (collateral kills)
  A scorpion (D:4)
1 creature vanquished.

Grand Total: 35 creatures vanquished

Notes
Turn   | Place    | Note
-------+----------+-------------------------------------------
     0 | D:1      | pokeman the Deep Elf Hedge Wizard began the quest for the
                  | Orb.
     0 | D:1      | Reached XP level 1. HP: 10/10 MP: 7/7
   263 | D:1      | Reached XP level 2. HP: 16/16 MP: 5/9
   697 | D:1      | Found a faded altar of an unknown god.
   753 | D:1      | Reached skill level 5 in Spellcasting
   941 | D:1      | Reached XP level 3. HP: 20/20 MP: 5/11
   945 | D:1      | Learned a level 3 spell: Mephitic Cloud
   948 | D:1      | Learned a level 2 spell: Call Imp
   951 | D:1      | Learned a level 2 spell: Blink
  1235 | D:2      | Reached skill level 1 in Fighting
  1594 | D:2      | Reached skill level 1 in Armour
  1961 | D:2      | You fall into a shaft and drop 2 floors!
  1974 | D:4      | Noticed a scorpion
  1976 | D:4      | Reached XP level 4. HP: 25/25 MP: 10/13
  1996 | D:4      | Noticed a scorpion
  2021 | D:4      | Killed a scorpion
  2032 | D:4      | Succumbed to a scorpion's poison

Illustrated notes

Levels and vault maps discovered:
D:1:      dpeg_arrival_signposts, layout_rooms,
          shapermc_ecumenical_altar_mp_highgroup, serial_glass, glass_columns_b,
          glass_columns_c, st_stairs_14
D:2:      layout_basic, chequers_serial_rivers_large_a,
          nicolae_concentric_dashed_squares_wild, interstate_on_off,
          minmay_pentomino_t2
D:4:      layout_basic

Skill      XL: |  1  2  3  4 |
---------------+-------------+-----
Spellcasting   | 5 |  5.9
Fighting       | 1 |  1.0
Armour         | 1 |  1.0
Conjurations   | 2 |  2.4
Dodging        | 3 |  3.0
Stealth        | 3 |  3.0
Summonings     | |  1.1
Translocations | |  1.1

Action                     |  1- 3 |  4- 6 || total
---------------------------+-------+-------++-------
  Melee: Dagger            |    22 |     4 ||    26
   Cast: Magic Dart        |    89 |       ||    89
         Mephitic Cloud    |       |     2 ||     2
         Call Imp          |       |     2 ||     2
   Stab: Confused          |       |     1 ||     1
 Armour: Robe              |    14 |     4 ||    18
  Dodge: Dodged            |    31 |     3 ||    34

Table legend: (Time is in decaauts)
 A = Elapsed time spent in this place.
 B = Non-inter-level travel time spent in this place.
 C = Inter-level travel time spent in this place.
 D = Time resting spent in this place.
 E = Time spent auto-exploring this place.
 F = Levels seen in this place.
 G = Mean time per level.
                   A        B        C        D        E       F      G
               +--------+--------+--------+--------+--------+-----+--------+
         Total |   2035 |   2016 |     19 |      0 |   1766 |   3 |  678.3 |
       Dungeon |   2035 |   2016 |     19 |      0 |   1766 |   3 |  678.3 |
               +--------+--------+--------+--------+--------+-----+--------+

Top non-repeatable levels by time:
     D:1: 1018 daAuts
     D:2: 946 daAuts
     D:4: 70 daAuts
